cohdb
Replays
Latest Replays
All Replays
Popular Replays
Top Player Replays
Match Explorer
How It Works
Community
CoH3 Stats
Reddit
Sign in to upload your games and track your stats! →
Sign in with Steam
Match 26284137
Unlisted
Match 26284137
Overview
Messages
Build Orders
End
Kettenkrad Recon Vehicle
Construct Infanterie Kompanie
Construct Infanterie Kompanie
MG 42 Machine Gun Team
Grenadier Squad
Grenadier Squad
Selects Mechanized Battlegroup
Medical Station
GrW 34 Mortar Team
Construct Luftwaffe Kompanie
Construct Luftwaffe Kompanie
Support Elements
Wirbelwind Flakpanzer
Selects Raid Package
Selects Spotting Scopes
Jäger Squad
Marder III M Tank Destroyer
MtCassino
MercilessMing
SneaKerz
gb_gbg
0
0
Comments
sign in to comment!
No comments posted yet!